 Dungeon Crawl Stone Soup version 0.27-a0-550-ge92ec0ca06 (webtiles) character file.

Game seed: 8886340955940806790

8054 HoaS the Grappler (level 10, 0/84 HPs)
             Began as a Demigod Gladiator on Mar 7, 2021.
             Succumbed to a hornet's poison
             ... on level 11 of the Dungeon.
             The game lasted 00:22:15 (9652 turns).

HoaS the Grappler (Demigod Gladiator)               Turns: 9652, Time: 00:22:16

Health: 0/84       AC: 21    Str: 23    XL:     10   Next: 76%
Magic:  0/13       EV: 12    Int: 10    God:
Gold:   815        SH:  0    Dex: 21    Spells: 9/9 levels left

rFire    . . .     SeeInvis .     - Unarmed
rCold    + + .     Faith    .   (no shield)
rNeg     . . .     Spirit   +   i - +4 chain mail
rPois    .         Reflect  .   b - +1 helmet
rElec    .         Harm     .   a - +1 cloak
rCorr    .         Rampage  .   y - +1 pair of gloves
Will     ++...                  (no boots)
Stlth    ..........             f - amulet of guardian spirit
HPRegen  0.24/turn              r - ring of Ocozeif {rC+ Will+ Dex+2}
MPRegen  0.13/turn              s - ring of protection from cold

@: lethally poisoned (0 -> -3), slowed, very slow
A: high mp 1, forlorn
a: no special abilities


You were on level 11 of the Dungeon.
You visited 1 branch of the dungeon, and saw 11 of its levels.
You also visited: Sewer and Ossuary.

You collected 815 gold pieces.

Inventory:

Missiles
 m - 45 poisoned darts (quivered)
 u - 8 boomerangs
 A - 6 curare-tipped darts
Armour
 a - a +1 cloak (worn)
 b - a +1 helmet (worn)
 i - a +4 chain mail (worn)
 y - a +1 pair of gloves (worn)
Jewellery
 f - an amulet of guardian spirit (around neck)
 r - the ring of Ocozeif (left hand) {rC+ Will+ Dex+2}
   (You found it on level 4 of the Dungeon)

   [ring of willpower]

   It affects your dexterity (+2).
   It protects you from cold.
   It affects your willpower, your defense against some magical effects.
 s - a ring of protection from cold (right hand)
 w - a ring of flight
Wands
 j - a wand of random effects (55)
 p - a wand of polymorph (8)
 t - a wand of flame (21)
 B - a wand of paralysis (12)
 C - a wand of acid (4)
Scrolls
 c - a scroll of teleportation {unknown}
 g - 3 scrolls of fear
 o - 4 scrolls of identify
 x - a scroll of holy word
Potions
 d - a potion of attraction
 e - a potion of mutation
 h - 3 potions of might
 k - 6 potions of curing
 l - a potion of invisibility
 n - 2 potions of haste
 q - 5 potions of ambrosia
 v - a potion of heal wounds
 z - 2 potions of flight


   Skills:
 + Level 6.6 Fighting
 - Level 1.7 Throwing
 + Level 6.6 Armour
 + Level 6.6 Dodging
 * Level 12.0 Unarmed Combat


You had 9 spell levels left.
You didn't know any spells.
Your spell library contained the following spells:

 Spells                   Type           Power      Damage    Failure   Level
 Magic Dart               Conj           0%         1d3       95%         1
 Blink                    Tloc           N/A        N/A       98%         2
 Call Imp                 Summ           0%         N/A       98%         2
 Slow                     Hex            0%         N/A       98%         2
 Conjure Flame            Conj/Fire      0%         6-21      100%        3
 Mephitic Cloud           Conj/Pois/Air  0%         N/A       100%        3


Dungeon Overview and Level Annotations

Branches:
Dungeon (11/15)            Temple (0/1) D:6            Lair (0/6) D:11
  Sewer (visited)         Ossuary (visited)
    Orc: D:9-12

Shops:
D:6 (   D:8 ?

Portals:
Trove: D:10 (show slimy rune of Zot)
Bailey: D:11

Annotations:
D:9 3 runed translucent doors, Scuka's ghost, journeyman OgFi


Innate Abilities, Weirdness & Mutations

Your attributes grow dramatically as you level up.
You have an increased reservoir of magic. (+10% MP)
You shall have no god before yourself.


Message History

You hit the hornet but do no damage. The orc warrior closely misses you.
The hornet closely misses you.
You can't go down here!
You completely miss the hornet. You punch the hornet.
The hornet is lightly wounded.
The hornet barely misses you. The orc warrior misses you.
You punch the hornet!
The hornet is moderately wounded.
The hornet closely misses you.
The cyan ugly thing headbutts you but does no damage.
A jackal comes into view.
The jackal barks!
You punch the hornet!
The hornet is severely wounded.
The hornet barely misses you. The orc warrior closely misses you.
The orc barely misses you. The cyan ugly thing closely misses you.
You hit the hornet.
The hornet is severely wounded.
The hornet misses you.
The orc warrior hits you but does no damage.
The orc misses you. The hornet stings you.
You are poisoned.
You feel yourself slow down.
The cyan ugly thing headbutts you but does no damage.
You closely miss the hornet. Your punch misses the hornet.
The hornet is severely wounded.
You feel sick. The hornet closely misses you. The jackal barely misses you.
The orc barely misses you.
The orc warrior hits you with a +2 dire flail of protection!
The cyan ugly thing headbutts you. The cyan ugly thing shocks you!
* * * LOW HITPOINT WARNING * * *
The fire dragon bites you!
* * * LOW HITPOINT WARNING * * *
The fire dragon claws you but does no damage.
The fire dragon tramples you!
* * * LOW HITPOINT WARNING * * *
You hold your ground!
You hit the hornet but do no damage.
The hornet is severely wounded.
You die...

,,#.....^......#,,,,*,..,,,,*,,,*
,,#............#,,,,*...,,,,*,,,*
,,#............#+####...,,,,***,*
,,####+#######).........,,,,,,*,*
,,**,,,,,,,,,#..........,,,,,,*,,
,,,,,,,,,,,,,#..........,,,,,,+,,
,,,,,,,,,,,,,#..........,,,,,,*,,
,,,,,,,,,,,,,#.ouo......,,,,,,*,,
*+**,,,,,,,,,#..@.......,,,,,,*,,
,,,*,,,,,,,,,#.Dyh......,,,,,,*,,
,,,********,,#..).......,,,,,,*,,
,,,,,,,,,,*,,#.....###..,,,,,,*,,
,,,,,,,,,,+,,..#.h..,*..,,,,,,*,,
,,,,,,,,,,,,...+.....*,,,,,,,,*,,
,,,,,,,,,,,..........+,,,,,,,,+,,
,,,,,,,,,,.§§§§...#+##,,,,,,,,*,,
,,,**+**,,≈≈≈≈≈≈,*,,,,,********,,


You could see a fire dragon, a cyan ugly thing, a hornet, an orc warrior, an orc
and 2 jackals.

Vanquished Creatures
  A two-headed ogre (D:10)
  Pikel (D:3)
  Joseph (D:8)
  The ghost of Gonzollydolly the Grave Robber, a novice HONe (D:6)
  Maggie (D:8)
  A hornet (D:6)
  A slime creature (D:7)
  A vampire (D:10)
  5 yaks (D:10)
  Menkaure (D:4)
  A water moccasin (Sewer)
  Duvessa (D:4)
  3 orc warriors
  A sky beast (D:10)
  3 ice beasts
  The ghost of Olololo the Shield-Bearer, an amateur FoFi (D:3)
  3 centaurs
  7 ogres
  A necrophage (D:4)
  4 phantoms
  A bullfrog (D:6)
  An elf zombie (Ossuary)
  2 gnoll sergeants (D:7)
  Dowan (D:4)
  2 scorpions
  11 killer bees
  2 howler monkeys
  2 centaur zombies
  A quasit (D:9)
  A human zombie (Ossuary)
  6 orc priests
  A bullfrog skeleton (D:5)
  8 hounds
  2 jellies
  4 iguanas
  9 orc wizards
  6 worker ants
  A hound zombie (D:5)
  2 mummies (Ossuary)
  A worker ant zombie (D:6)
  14 gnolls
  6 adders
  A shadow imp (D:8)
  3 white imps
  3 ufetubi
  An ooze (D:2)
  3 adder skeletons
  4 worms
  2 dart slugs (D:1)
  4 leopard geckos
  40 orcs
  5 giant cockroaches
  6 goblins
  5 hobgoblins
  16 jackals
  7 kobolds
  6 quokkas
  8 ball pythons
  14 bats
  6 frilled lizards
  5 goblin zombies
  15 hobgoblin zombies (Ossuary)
  A jackal skeleton (D:4)
  2 jackal zombies
  8 kobold zombies (Ossuary)
  5 orc zombies (Ossuary)
  2 quokka skeletons (D:4)
  9 rats
  A rat zombie (Ossuary)
305 creatures vanquished.

Vanquished Creatures (others)
  An orc wizard (D:8)
  2 orcs (D:8)
  2 withered plants (D:3)
5 creatures vanquished.

Grand Total: 310 creatures vanquished

Notes
Turn   | Place    | Note
-------+----------+-------------------------------------------
     0 | D:1      | HoaS the Demigod Gladiator began the quest for the Orb.
     0 | D:1      | Reached XP level 1. HP: 17/17 MP: 3/3
    79 | D:1      | Reached skill level 3 in Unarmed Combat
   112 | D:1      | Reached XP level 2. HP: 21/24 MP: 4/4
   888 | D:2      | Reached XP level 3. HP: 29/29 MP: 5/5
   916 | D:2      | Reached skill level 4 in Unarmed Combat
  1293 | D:2      | Reached skill level 10 in Unarmed Combat
  1293 | D:2      | Reached XP level 4. HP: 8/36 MP: 6/6
  1766 | D:3      | Reached XP level 5. HP: 41/41 MP: 7/7
  1898 | D:3      | Found a runed translucent door.
  1898 | D:3      | Noticed Olololo's ghost (amateur FoFi)
  2464 | D:3      | Found a glowing drain.
  2477 | Sewer    | Entered a sewer
  2500 | Sewer    | Noticed a water moccasin
  2515 | Sewer    | Killed a water moccasin
  2516 | Sewer    | Reached skill level 1 in Armour
  2516 | Sewer    | Reached XP level 6. HP: 38/49 MP: 8/8
  2730 | D:3      | Killed Olololo's ghost
  2891 | D:4      | Noticed Pikel
  2922 | D:3      | Killed Pikel
  2923 | D:3      | Reached XP level 7. HP: 53/57 MP: 9/9
  2976 | D:4      | Identified the ring of Ocozeif {rC+ Will+ Dex+2}
  2989 | D:4      | Noticed Menkaure
  3001 | D:4      | Killed Menkaure
  3002 | D:4      | Reached XP level 8. HP: 55/66 MP: 7/10
  3129 | D:4      | Noticed Dowan
  3130 | D:4      | Noticed Duvessa
  3152 | D:4      | Killed Duvessa
  3159 | D:4      | Killed Dowan
  3385 | D:5      | Entered Level 5 of the Dungeon
  3515 | D:5      | Reached skill level 5 in Dodging
  4161 | D:6      | Reached skill level 5 in Fighting
  4211 | D:6      | Reached skill level 5 in Armour
  4525 | D:6      | Noticed a hornet
  4534 | D:6      | Noticed Gonzollydolly's ghost (novice HONe)
  4562 | D:6      | Reached XP level 9. HP: 74/74 MP: 11/11
  4565 | D:6      | Found Hieg's Antique Weapon Shoppe.
  4584 | D:6      | Found a transporter.
  4594 | D:6      | Found a transporter.
  4834 | D:6      | Found a staircase to the Ecumenical Temple.
  5537 | D:7      | Found a sand-covered staircase.
  5547 | Ossuary  | Entered an ossuary
  6822 | D:8      | Reached skill level 11 in Unarmed Combat
  6973 | D:8      | Noticed Maggie
  6990 | D:8      | Killed Maggie
  7072 | D:8      | Found Jitesaolo's Magic Scroll Boutique.
  7072 | D:8      | Noticed Joseph
  7093 | D:8      | Killed Joseph
  7746 | D:9      | Reached XP level 10. HP: 78/83 MP: 13/13
  8109 | D:9      | Found a runed translucent gate.
  8109 | D:9      | Found a runed translucent gate.
  8109 | D:9      | Found a runed translucent gate.
  8110 | D:9      | Noticed Scuka's ghost (journeyman OgFi)
  8303 | D:9      | Found Zolaf's Magic Scroll Shoppe.
  8650 | D:6      | Killed Gonzollydolly's ghost
  8784 | D:10     | Entered Level 10 of the Dungeon
  8788 | D:10     | Noticed a two-headed ogre
  8807 | D:10     | Killed a two-headed ogre
  8931 | D:10     | Found a portal to a secret trove of treasure.
  9560 | D:11     | Noticed a six-headed hydra
  9617 | D:11     | Reached skill level 12 in Unarmed Combat
  9627 | D:11     | Found a flagged portal.
  9635 | D:11     | Noticed a cyan ugly thing
  9645 | D:11     | Noticed a fire dragon
  9651 | D:11     | HP: 1/84 [fire dragon (7)]
  9652 | D:11     | Succumbed to a hornet's poison

Illustrated notes

Levels and vault maps discovered:
D:1:      sevenhm_arrival_forest_fort_large_2, layout_rooms, nrook_mini_vaults
D:2:      layout_basic
D:3:      layout_loops_ring, portal_sewer_entry_e, gammafunk_ghost_grave,
          minmay_misc_feat_chi
D:4:      layout_rooms, grunt_decor_one_mirror, kennysheep_generic_room_2,
          uniq_duvessa, uniq_pikel, uniq_menkaure
D:5:      layout_gridville, nicolae_overflow_hidden_temple, supply_closet_lemuel
D:6:      layout_loops_cross, lemuel_temple_firewalk_b, serial_shops,
          nicolae_shop_crystal, gammafunk_ghost_hive
D:7:      minmay_chambers_of_fours, layout_loops_corners, enter_ossuary_3,
          roderic_lattice_a, grunt_tough_drop
D:8:      layout_basic, serial_shops, shop, lemuel_flame_loot_1, uniq_maggie,
          uniq_joseph
D:9:      layout_basic, serial_shops, shop, gammafunk_ghost_ooze,
          okawaru_trees_2
D:10:     layout_cave_pools, enter_trove_6, grunt_ministairs_12
D:11:     layout_gridville, minmay_lair_entry_lava, enter_bailey_2,
          nicolae_gozag_seed_capital, uniq_maurice

Skill      XL: |  1  2  3  4  5  6  7  8  9 10 |
---------------+-------------------------------+-----
Unarmed Combat | 3 10 11 12 | 12.0
Fighting       | 2 3 5 6 |  6.6
Armour         | 1 2 3 5 6 |  6.6
Dodging        | 3 4 5 6 |  6.6
Throwing       | |  1.7

Action                   |  1- 3 |  4- 6 |  7- 9 | 10-12 || total
-------------------------+-------+-------+-------+-------++-------
Melee: Unarmed           |   130 |   132 |   505 |   252 ||  1019
       Punch             |     3 |     6 |    31 |    20 ||    60
Throw: Throwing net      |     1 |     3 |     2 |     1 ||     7
       Boomerang         |       |       |    12 |       ||    12
Evoke: Wand              |       |       |       |     1 ||     1
  Use: Potion            |     5 |       |       |       ||     5
       Scroll            |     3 |     2 |    15 |     3 ||    23
 Stab: Held in net/web   |       |     3 |       |       ||     3
Armor: Leather armour    |    27 |       |       |       ||    27
       Chain mail        |    15 |    95 |   213 |   125 ||   448
Dodge: Dodged            |    68 |    54 |   208 |   138 ||   468

Table legend: (Time is in decaauts)
 A = Elapsed time spent in this place.
 B = Non-inter-level travel time spent in this place.
 C = Inter-level travel time spent in this place.
 D = Time resting spent in this place.
 E = Time spent auto-exploring this place.
 F = Levels seen in this place.
 G = Mean time per level.
                   A        B        C        D        E       F      G
               +--------+--------+--------+--------+--------+-----+--------+
         Total |   9480 |   8910 |    570 |   1655 |   5291 |  13 |  729.2 |
       Dungeon |   9014 |   8444 |    570 |   1511 |   5148 |  11 |  819.5 |
         Sewer |    201 |    201 |      0 |    122 |     51 |   1 |  201.0 |
       Ossuary |    264 |    264 |      0 |     22 |     92 |   1 |  264.0 |
               +--------+--------+--------+--------+--------+-----+--------+

Top non-repeatable levels by time:
     D:7: 1507 daAuts
     D:6: 1026 daAuts
     D:2: 991 daAuts
     D:8: 952 daAuts
     D:3: 914 daAuts
     D:9: 794 daAuts
    D:10: 783 daAuts
     D:1: 758 daAuts
     D:5: 745 daAuts
     D:4: 479 daAuts
 Ossuary: 264 daAuts
   Sewer: 201 daAuts
    D:11: 60 daAuts
